AoeStats
← MaxCaiimans

Black Forest

509437515Analyzed
2v2 RM · 5d ago on Sep 26, 2026· 52m 39s· 4 players
Game mode
Random Map
Map size
Medium (4 player)
Population
200
Speed
Normal
Resources
Standard
Victory
Conquest
Starting age
Dark Age
Ending age
Imperial Age
RankedLock teamsTeams togetherTeam positionsShared explorationLock speedFull tech treeHidden civsTurbo modeCheats
Victory
Defeat
🇷🇴 Portuguese · Romania
592
+13
🇮🇳 Sicilians · India
554
+14
🇫🇷 Khitans · France
541
-14
🇦🇷 Muisca · Argentina
510
-13
MaxCaiimans
1:48 Loom
13:10 Feudal Age
13:43 Domestication
13:57 Double-Bit Axe
14:06 Gold Mining
14:06 Stone Mining
16:47 Wheelbarrow
15:58 Town Watch
24:17 Castle Age
22:43 Arson
26:30 Pastoralism
27:13 Bow Saw
27:44 Stone Shaft Mining
27:42 Town Patrol
27:58 Hand Cart
28:09 Caravan
30:40 Squires
30:03 Pikeman
30:06 Elite Skirmisher
30:09 Heavy Cavalry Archer
31:15 Fervor
31:51 Husbandry
34:02 Ballistics
33:54 Fortified Wall
33:42 Murder Holes
35:02 Lamellar Armor
39:18 Padded Archer Armor
39:09 Fletching
39:29 Forging
39:20 Scale Mail Armor
39:25 Scale Barding Armor
41:59 Leather Archer Armor
41:40 Bodkin Arrow
42:20 Iron Casting
45:25 Imperial Age
43:40 Chain Barding Armor
43:36 Chain Mail Armor
44:00 Masonry
46:40 Parthian Tactics
45:39 Heavy Camel Rider
45:45 Elite Steppe Lancer
45:55 Elite Steppe Lancer
46:57 Ordo Cavalry
47:13 Conscription
49:02 Elite Liao Dao
jube
0:33 Loom
14:20 Feudal Age
15:48 Wheelbarrow
15:05 Double-Bit Axe
17:26 Gold Mining
18:16 Stone Mining
19:06 Horse Collar
28:30 Castle Age
27:24 Forging
27:01 Champi Runner
29:32 Hand Cart
29:23 Heavy Plow
29:35 Bow Saw
31:29 Gold Shaft Mining
32:00 Stone Shaft Mining
31:43 Scale Mail Armor
32:16 Town Watch
34:42 Iron Casting
34:23 Chain Mail Armor
34:00 Fletching
35:25 Herbalism
35:36 Padded Archer Armor
36:53 Bodkin Arrow
39:23 Ballistics
39:40 Leather Archer Armor
38:50 Crossbowman
38:52 Elite Skirmisher
39:42 Thumb Ring
43:05 Imperial Age
40:48 Town Watch
43:46 Coinage
44:59 Chemistry
44:06 Siege Engineers
45:06 Two-Man Saw
44:43 Crop Rotation
44:50 Plate Mail Armor
44:06 Elite Guecha Warrior
46:03 Huaracas
46:20 Conscription
46:11 Bracer
47:02 Champi Warrior
48:21 Town Patrol
craciunvladut3
13:40 Feudal Age
13:14 Loom
14:05 Double-Bit Axe
14:02 Horse Collar
14:14 Gold Mining
15:47 Wheelbarrow
19:05 Stone Mining
21:46 Castle Age
23:23 Stone Shaft Mining
22:49 Heavy Plow
23:04 Bow Saw
23:19 Hand Cart
26:55 Coinage
32:29 Imperial Age
30:57 Forging
30:47 Scale Mail Armor
30:52 Scale Barding Armor
32:31 Iron Casting
32:22 Caravan
33:19 Elite Organ Gun
35:52 Blast Furnace
36:07 Chemistry
35:31 Ballistics
37:39 Two-Man Saw
37:36 Banking
37:17 Guilds
37:59 Arquebus
40:59 Padded Archer Armor
Unguru
16:44 Feudal Age
17:49 Double-Bit Axe
23:24 Castle Age
21:32 Horse Collar
21:47 Gold Mining
21:52 Stone Mining
26:10 Caravan
28:36 Wheelbarrow
31:29 Bow Saw
31:24 Heavy Plow
34:30 Imperial Age
35:19 Heavy Mounted Crossbowman
36:53 Stone Shaft Mining
36:54 Cranequins
39:11 Hand Cart
39:52 Hand Cart
40:01 Guilds
39:45 Fletching
39:56 Padded Archer Armor
41:54 Elite Serjeant
44:01 Leather Archer Armor
43:44 Bodkin Arrow
44:51 Chemistry
Connection lost

Rejoining the realm…

Still unreachable

The connection could not be restored.

Session expired

The server has moved on; the page needs a fresh start.